 Dungeon Crawl Stone Soup version 0.30-a0-1160-g6e42c06551 (webtiles) character file.

Game seed: 18242814226615877975

58 Anamonty the Stinger (level 4, 0/27 HPs)
             Began as an Octopode Venom Mage on Apr 26, 2023.
             Slain by an orc wizard
             ... wielding a +0 dagger
              (1 damage)
             ... on level 3 of the Dungeon.
             The game lasted 00:01:30 (1750 turns).

Anamonty the Stinger (Octopode Venom Mage)          Turns: 1750, Time: 00:01:31

Health: 0/27       AC:  1    Str:  9    XL:     4   Next: 1%
Magic:  7/7        EV: 13    Int: 17    God:
Gold:   57         SH:  0    Dex: 12    Spells: 5/8 levels left

rFire   . . .        d - +2 quarterstaff (drain)
rCold   . . .        (shield currently unavailable)
rNeg    . . .        (helmet restricted)
rPois   .            (no amulet)
rElec   .            (no ring)
rCorr   .            (no ring)
SInv    .            (no ring)
Will    .....        (no ring)
Stlth   ++           (no ring)
HPRegen 0.24/turn    (no ring)
MPRegen 0.10/turn    (no ring)
                     (no ring)

%: no passive effects
@: confused
A: almost no armour, amphibious, 8 rings, camouflage 1, gelatinous body 1,
(nimble swimmer 1), tentacles
a: no special abilities


You were on level 3 of the Dungeon.
You visited 1 branch of the dungeon, and saw 3 of its levels.

You collected 57 gold pieces.

Inventory:

Hand Weapons
 d - a +2 quarterstaff of draining (weapon)
Scrolls
 c - 2 scrolls of enchant armour {unknown}
 f - a scroll of fear {unknown}
Potions
 a - a potion of magic
 b - a potion of haste {unknown}
 e - a potion of resistance {unknown}
 g - 2 potions of curing {unknown}


   Skills:
 + Level 2.6 Dodging
 - Level 2.6 Stealth
 + Level 2.5 Spellcasting
 - Level 1.0 Transmutations
 * Level 4.8 Poison Magic


You had 5 spell levels left.
You knew the following spells:

 Your Spells              Type           Power      Damage    Failure   Level
a - Sting                 Tmut/Pois      48%        1d5       5%          1
b - Poisonous Vapours     Pois/Air       20%        N/A       11%         2

Your spell library contained the following spells:

 Spells                   Type           Power      Damage    Failure   Level
 Slow                     Hex            8%         N/A       19%         1
 Olgreb's Toxic Radiance  Pois           18%        N/A       26%         4
 Mephitic Cloud           Conj/Pois/Air  7%         N/A       28%         3
 Confusing Touch          Hex            2%         N/A       50%         3
 Vampiric Draining        Necr           2%         2d6       50%         3


Dungeon Overview and Level Annotations

Branches:
Dungeon (3/15)

Altars:
Gozag


Innate Abilities, Weirdness & Mutations

You cannot wear most types of armour.
You are amphibious.
You can wear up to eight rings at the same time.
Your skin changes colour to match your surroundings (Stealth+).
Your rubbery body absorbs attacks. (AC +1, EV +1)
((You are camouflaged when in or above water. (Stealth+)))
You have tentacles for arms and can constrict up to eight enemies at once.


Message History

You constrict the orc wizard. The orc wizard closely misses you.
You hit the orc wizard.
You kill the orc wizard!
You have reached level 4!
There is a stone staircase leading up here.
You climb upwards.
Reactivating autopickup.
There is a stone staircase leading down here.
Magic restored.
HP restored.
Done exploring.
You climb downwards.
The orc wizard casts a spell at you. The puff of flame hits you!
There is a stone staircase leading up here.
The orc wizard hits you with a +0 dagger.
You hit the orc wizard. You grab the orc wizard. You squeeze the orc wizard.
The orc wizard is heavily wounded.
You constrict the orc wizard.
The orc wizard gestures at you while chanting.
You are confused.
You release your grip on the orc wizard.
The orc wizard hits you with a +0 dagger.
You bump into the rock wall.
The orc wizard hits you with a +0 dagger.
* * * LOW HITPOINT WARNING * * *
You bump into the rock wall.
The orc wizard completely misses you.
You're too confused to move!
The orc wizard hits you with a +0 dagger.
* * * LOW HITPOINT WARNING * * *
You bump into the rock wall.
The orc wizard hits you with a +0 dagger.
* * * LOW HITPOINT WARNING * * *
You miss the orc wizard.
The orc wizard is heavily wounded.
The orc wizard gestures wildly while chanting.
The orc wizard flickers and vanishes!
Deactivating autopickup; reactivate with Ctrl-A.
Something hits you.
You die...

..###.#... ...#.#...
#...$... #.##... #####
#.##.!..<. ####...#
#.....♣.♣. # #<##.#.#
#......o..
....###.##.#.###.....♣.♣.
.......{@..#...).........
........########.....♣.♣.
......... #.........
....####.# #.....♣.♣.
.... .# #####.... ... .#
##♣#♣ .. .# .#


There were no monsters in sight!

Vanquished Creatures
  An orc wizard (D:3)
  An adder (D:2)
  An orc (D:3)
  A bat (D:1)
  3 endoplasms (D:1)
  A hobgoblin (D:2)
  3 kobolds
  2 quokkas (D:1)
  6 ball pythons
  3 frilled lizards
22 creatures vanquished.

Notes
Turn   | Place    | Note
-------+----------+-------------------------------------------
     0 | D:1      | Anamonty the Octopode Venom Mage began the quest for the
                  | Orb.
     0 | D:1      | Reached XP level 1. HP: 11/11 MP: 3/3
   234 | D:1      | Reached XP level 2. HP: 15/17 MP: 3/5
   274 | D:1      | Reached skill level 4 in Poison Magic
   298 | D:1      | Learned a level 2 spell: Poisonous Vapours
   703 | D:2      | Found an opulent altar of Gozag.
  1599 | D:2      | Reached XP level 3. HP: 18/21 MP: 6/6
  1694 | D:3      | Reached XP level 4. HP: 15/27 MP: 5/7
  1749 | D:3      | HP: 1/27 [orc wizard/+0 dagger (4)]
  1750 | D:3      | Slain by an orc wizard

Illustrated notes

Levels and vault maps discovered:
D:1:      dpeg_arrival_leaves_temple_mockup, layout_rooms
D:2:      layout_basic, basic_altar, kennysheep_cluttered_room
D:3:      layout_basic, serial_forest, infiniplex_forest_lined_room_3,
          infiniplex_forest_lined_room_3, infiniplex_forest_corner_1,
          infiniplex_forest_clump_small

Skill      XL: |  1  2 |
---------------+-------+-----
Poison Magic   | 4 |  4.8
Dodging        | |  2.6
Stealth        | |  2.6
Spellcasting   | |  2.5
Transmutations | |  1.0

Action                     |  1- 3 |  4- 6 || total
---------------------------+-------+-------++-------
  Melee: Unarmed           |    21 |       ||    21
         Constrict         |     9 |     1 ||    10
         Tentacles         |     7 |     1 ||     8
         Quarterstaff      |    17 |     2 ||    19
         Punch             |     1 |       ||     1
   Cast: Sting             |    10 |       ||    10
   Stab: Sleeping          |     7 |       ||     7
 Armour: Skin              |     1 |       ||     1
  Dodge: Dodged            |    18 |     1 ||    19

Table legend: (Time is in decaauts)
 A = Elapsed time spent in this place.
 B = Non-inter-level travel time spent in this place.
 C = Inter-level travel time spent in this place.
 D = Time resting spent in this place.
 E = Time spent auto-exploring this place.
 F = Levels seen in this place.
 G = Mean time per level.
                   A        B        C        D        E       F      G
               +--------+--------+--------+--------+--------+-----+--------+
         Total |   1755 |   1610 |    145 |      0 |   1385 |   3 |  585.0 |
       Dungeon |   1755 |   1610 |    145 |      0 |   1385 |   3 |  585.0 |
               +--------+--------+--------+--------+--------+-----+--------+

Top non-repeatable levels by time:
     D:2: 1062 daAuts
     D:1: 646 daAuts
     D:3: 46 daAuts
